Colorado Rockies vs Los Angeles Kings
Created - Tuesday, November 26, 2024 at 08:51
Goals
|
| Colorado Rockies |
0 |
1 |
1 |
2 |
| Los Angeles Kings |
2 |
1 |
1 |
4 |
|
Shots
|
| Colorado Rockies |
10 |
9 |
6 |
25 |
| Los Angeles Kings |
8 |
5 |
14 |
27 |
|
1st period
1. Los Angeles Kings , Seth Jarvis 31 (Andrei Kuzmenko 29) at 4:52 (PP)
2. Los Angeles Kings , Michael Eyssimont 14 (Andrei Kuzmenko 30, Alexander Romanov 14) at 15:50
Penalties :
Nikita Kucherov (COL) for Hooking (Minor) at 4:36
2nd period
3. Los Angeles Kings , Seth Jarvis 32 (Andrei Svechnikov 29) at 3:56 (SH)
4. Colorado Rockies , Nikita Kucherov 44 (Jesper Bratt 44, Ryan O'Reilly 52) at 5:01 (PP)
Penalties :
Vitali Kravtsov (LAK) for Roughing (Minor) at 3:04, Noah Dobson (LAK) for Delaying the game (Minor) at 4:57, Vitali Kravtsov (LAK) for Roughing (Minor) at 7:47
3rd period
5. Colorado Rockies , Quinn Hughes 5 (Nick Schmaltz 27) at 5:28
6. Los Angeles Kings , Erik Brannstrom 2 (Logan Cooley 29, Seth Jarvis 38) at 19:03 (Empty Net)
Penalties :
Vitali Kravtsov (LAK) for Slashing (Minor) at 19:15
Goalie Stats
Daniil Tarasov (COL), 23 saves from 26 shots - (0.885), L, 11-14-3, 59:34 minutes
Andrei Vasilevskiy (LAK), 23 saves from 25 shots - (0.920), W, 13-22-4, 60:00 minutes
Players Stats for Colorado Rockies
Player Name G A P +/- PIM S H SB GA TA FO MP PP MP PK MP
------------------------------------------------------------------------------------
Andrew Peeke 0 0 0 -1 0 0 1 1 0 0 0/0 16:24 0:00 0:00
David Pastrnak 0 0 0 -2 0 1 0 1 2 0 0/3 19:21 3:18 0:16
Evgeny Kuznetsov 0 0 0 1 0 4 0 1 0 1 0/1 8:49 0:00 0:00
Jesper Bratt 0 1 1 -1 0 2 1 1 1 0 0/0 16:07 3:17 0:00
Kevin Hayes 0 0 0 1 0 1 0 1 0 0 2/3 9:07 0:00 0:00
Kyle Connor 0 0 0 -2 0 3 0 0 0 0 0/1 19:11 3:18 0:00
Kyle Palmieri 0 0 0 0 0 1 1 0 1 0 0/2 15:21 0:00 0:00
Martin Fehervary 0 0 0 1 0 1 2 1 0 0 0/0 17:38 0:00 0:00
Michael Bunting 0 0 0 0 0 1 0 1 0 0 0/0 12:56 0:00 0:00
Nick Bonino 0 0 0 0 0 0 0 0 1 1 0/1 12:10 3:18 0:00
Nick Schmaltz 0 1 1 0 0 0 0 0 0 0 1/3 12:56 0:00 0:00
Nikita Kucherov 1 0 1 -1 2 2 1 0 3 0 0/0 18:53 3:17 0:00
Nikita Zadorov 0 0 0 -1 0 2 4 1 1 0 0/0 22:17 3:26 0:00
Quinn Hughes 1 0 1 0 0 4 2 1 1 0 0/0 21:29 3:09 0:16
Ryan O'Reilly 0 1 1 -1 0 1 0 1 1 0 9/13 18:54 3:17 0:00
Tim Stutzle 0 0 0 -1 0 1 3 0 1 0 15/22 15:58 0:00 0:16
Victor Hedman 0 0 0 -2 0 0 2 2 0 0 0/0 22:49 3:26 0:16
Vince Dunn 0 0 0 -1 0 1 2 1 0 0 0/0 19:23 3:09 0:00
Players Stats for Los Angeles Kings
Player Name G A P +/- PIM S H SB GA TA FO MP PP MP PK MP
------------------------------------------------------------------------------------
Adam Fantilli 0 0 0 0 0 3 2 1 0 0 6/14 15:19 0:00 0:00
Alexander Romanov 0 1 1 1 0 0 0 1 0 0 0/0 21:26 0:00 3:11
Andrei Kuzmenko 0 2 2 1 0 3 2 1 1 1 1/5 18:02 0:16 3:13
Andrei Svechnikov 0 1 1 1 0 2 2 2 0 0 0/2 18:14 0:00 3:06
Blake Wheeler 0 0 0 0 0 0 0 0 0 0 1/2 6:23 0:00 0:00
Erik Brannstrom 1 0 1 1 0 4 0 1 0 0 0/0 16:08 0:00 0:00
Jakub Zboril 0 0 0 1 0 1 1 1 0 1 0/0 16:57 0:00 0:49
K'Andre Miller 0 0 0 0 0 1 4 1 0 2 0/0 22:26 0:16 3:24
Logan Cooley 0 1 1 0 0 0 1 0 0 0 5/9 16:44 0:00 0:00
Michael Eyssimont 1 0 1 1 0 3 2 1 0 1 5/9 14:50 0:00 0:12
Michael Milne 0 0 0 0 0 1 0 1 0 0 0/0 20:01 0:00 0:00
Noah Dobson 0 0 0 0 2 1 0 1 0 0 0/0 21:05 0:16 2:03
Owen Power 0 0 0 1 0 1 0 0 0 3 0/0 22:02 0:00 3:42
Peyton Krebs 0 0 0 0 0 0 1 0 0 1 0/1 17:13 0:16 0:09
Ryan Reaves 0 0 0 0 0 0 1 0 0 0 0/0 1:51 0:00 0:00
Seth Jarvis 2 1 3 1 0 5 1 0 0 2 3/6 20:26 0:16 3:13
Trent Frederic 0 0 0 0 0 1 2 0 1 1 1/1 9:41 0:00 3:13
Vitali Kravtsov 0 0 0 1 6 1 0 0 0 0 0/0 14:29 0:00 0:00
3 Stars
1 - Seth Jarvis (LAK)
2 - Michael Eyssimont (LAK)
3 - Andrei Kuzmenko (LAK)
Power Play
Colorado Rockies - 1 on 4 Attempt(s) - 25.00%
Los Angeles Kings - 1 on 1 Attempt(s) - 100.00%
Penalty Kill
Colorado Rockies - 0 on 1 Attempt(s) - 0.00%
- Score 0 goal in Penalty Kill
Los Angeles Kings - 3 on 4 Attempt(s) - 75.00%
- Score 1 goal in Penalty Kill
Team Stat
Colorado Rockies - Hits : 19 - Faceoff Wins : 27 - Blocked Shots : 13 - Penalty Minutes : 2
Los Angeles Kings - Hits : 19 - Faceoff Wins : 22 - Blocked Shots : 11 - Penalty Minutes : 8
Official
Referees : Michael Markovic and Brandon Schrader
Linesman : Justin Johnson and Michel Cormier
Game Notes
Erik Brannstrom has scored in a empty net!
Finance
Level 1 -- Attendance: 4193 (69.88%) -- Ticket Income $419,300
Level 2 -- Attendance: 3730 (74.60%) -- Ticket Income $223,800
Level 3 -- Attendance: 2279 (75.97%) -- Ticket Income $79,765
Level 4 -- Attendance: 3696 (73.92%) -- Ticket Income $92,400
Luxury Box -- Attendance: 708 (70.80%) -- Ticket Income $141,600
Game was played at the Staples Center.
Total Attendance: 14606 (73.03%)
Total Ticket Income: $956,865
Other Income: $334,903
Total Income: $1,291,768
Colorado Rockies
5 vs 5 Forward
Center Left Wing Right Wing Time % Phy DF OF
1 Ryan O'Reilly Kyle Palmieri Nikita Kucherov 30 1 2 2
2 Tim Stutzle Kyle Connor David Pastrnak 30 1 2 2
3 Nick Schmaltz Jesper Bratt Michael Bunting 25 1 2 2
4 Kevin Hayes Nick Bonino Evgeny Kuznetsov 15 1 2 2
5 vs 5 Defense
Defense Defense Time % Phy DF OF
1 Victor Hedman Nikita Zadorov 35 1 2 2
2 Quinn Hughes Martin Fehervary 35 1 2 2
3 Vince Dunn Andrew Peeke 30 1 2 2
4 Andrew Peeke Vince Dunn 0 1 2 2
PowerPlay Forward
Center Left Wing Right Wing Time % Phy DF OF
1 Ryan O'Reilly Jesper Bratt Nikita Kucherov 50 1 2 2
2 Nick Bonino Kyle Connor David Pastrnak 50 1 2 2
PowerPlay Defense
Defense Defense Time % Phy DF OF
1 Vince Dunn Quinn Hughes 50 1 2 2
2 Nikita Zadorov Victor Hedman 50 1 2 2
Penalty Kill 4 Players Forward
Center Wing Time % Phy DF OF
1 Nikita Kucherov David Pastrnak 50 1 2 2
2 Ryan O'Reilly Jesper Bratt 50 1 2 2
Penalty Kill 4 Players Defense
Defense Defense Time % Phy DF OF
1 Victor Hedman Quinn Hughes 50 1 2 2
2 Nikita Zadorov Martin Fehervary 50 1 2 2
Penalty Kill - 3 Players Forward
Forward Time % Phy DF OF
1 Nikita Kucherov 50 1 2 2
2 David Pastrnak 50 1 2 2
Penalty Kill - 3 Players Defense
Defense Defense Time % Phy DF OF
1 Victor Hedman Quinn Hughes 50 1 2 2
2 Nikita Zadorov Martin Fehervary 50 1 2 2
4 vs 4 Forward
Center Wing Time % Phy DF OF
1 Ryan O'Reilly David Pastrnak 50 1 2 2
2 Nick Schmaltz Nikita Kucherov 50 1 2 2
4 vs 4 Defense
Defense Defense Time % Phy DF OF
1 Victor Hedman Quinn Hughes 50 1 2 2
2 Nikita Zadorov Martin Fehervary 50 1 2 2
Last Minutes Offensive
Center Left Wing Right Wing Defense Defense
Ryan O'Reilly Jesper Bratt Nikita Kucherov Victor Hedman Quinn Hughes
Last Minutes Defensive
Center Left Wing Right Wing Defense Defense
Ryan O'Reilly Jesper Bratt Nikita Kucherov Victor Hedman Quinn Hughes
Goaltenders
Starting : Daniil Tarasov
Backup : Joey Daccord
Extra Forwards
Normal : Nick Bonino, Kevin Hayes, Nikita Kucherov - PP : Nick Bonino, Kevin Hayes - PK : Nikita Kucherov
Extra Defensemen
Normal : Vince Dunn, Andrew Peeke, Nikita Zadorov - PP : Vince Dunn - PK : Andrew Peeke, Nikita Zadorov
Penalty Shots
Nikita Kucherov, David Pastrnak, Nick Bonino, Jesper Bratt, Ryan O'Reilly
Scratches
Jakub Vrana (Healthy)
Los Angeles Kings
5 vs 5 Forward
Center Left Wing Right Wing Time % Phy DF OF
1 Logan Cooley Peyton Krebs Seth Jarvis 30 1 2 2
2 Adam Fantilli Michael Milne Andrei Svechnikov 30 1 2 2
3 Michael Eyssimont Vitali Kravtsov Andrei Kuzmenko 25 1 2 2
4 Blake Wheeler Michael Milne Trent Frederic 15 1 2 2
5 vs 5 Defense
Defense Defense Time % Phy DF OF
1 Noah Dobson K'Andre Miller 35 1 2 2
2 Alexander Romanov Owen Power 35 1 2 2
3 Erik Brannstrom Jakub Zboril 30 1 2 2
4 Noah Dobson K'Andre Miller 0 1 2 2
PowerPlay Forward
Center Left Wing Right Wing Time % Phy DF OF
1 Andrei Kuzmenko Peyton Krebs Seth Jarvis 50 1 2 2
2 Adam Fantilli Michael Milne Andrei Svechnikov 50 1 2 2
PowerPlay Defense
Defense Defense Time % Phy DF OF
1 Noah Dobson K'Andre Miller 50 1 2 2
2 Alexander Romanov Owen Power 50 1 2 2
Penalty Kill 4 Players Forward
Center Wing Time % Phy DF OF
1 Seth Jarvis Andrei Svechnikov 50 1 2 2
2 Andrei Kuzmenko Trent Frederic 50 1 2 2
Penalty Kill 4 Players Defense
Defense Defense Time % Phy DF OF
1 Noah Dobson K'Andre Miller 50 1 2 2
2 Alexander Romanov Owen Power 50 1 2 2
Penalty Kill - 3 Players Forward
Forward Time % Phy DF OF
1 Seth Jarvis 50 1 2 2
2 Andrei Svechnikov 50 1 2 2
Penalty Kill - 3 Players Defense
Defense Defense Time % Phy DF OF
1 Noah Dobson K'Andre Miller 50 1 2 2
2 Alexander Romanov Owen Power 50 1 2 2
4 vs 4 Forward
Center Wing Time % Phy DF OF
1 Seth Jarvis Andrei Svechnikov 50 1 2 2
2 Andrei Kuzmenko Trent Frederic 50 1 2 2
4 vs 4 Defense
Defense Defense Time % Phy DF OF
1 Noah Dobson K'Andre Miller 50 1 2 2
2 Alexander Romanov Owen Power 50 1 2 2
Last Minutes Offensive
Center Left Wing Right Wing Defense Defense
Logan Cooley Peyton Krebs Seth Jarvis Noah Dobson K'Andre Miller
Last Minutes Defensive
Center Left Wing Right Wing Defense Defense
Logan Cooley Peyton Krebs Seth Jarvis Noah Dobson K'Andre Miller
Goaltenders
Starting : Andrei Vasilevskiy
Backup : Jonas Johansson
Extra Forwards
Normal : Seth Jarvis, Ryan Reaves, Michael Eyssimont - PP : Seth Jarvis, Ryan Reaves - PK : Michael Eyssimont
Extra Defensemen
Normal : Noah Dobson, Jakub Zboril, Alexander Romanov - PP : K'Andre Miller - PK : Jakub Zboril, Alexander Romanov
Penalty Shots
Seth Jarvis, Andrei Svechnikov, Andrei Kuzmenko, Trent Frederic, Peyton Krebs
Scratches
Ruslan Iskhakov (Healthy), Cooper Marody (Healthy), Nicklas Backstrom (Healthy), Joshua Brown (Healthy)
% Time on Ice - Colorado Rockies
Lines # - Real PCT - Wanted PCT - Time Play
Normal Forward
1 - 29% - 30% - 15:21
2 - 30% - 30% - 15:47
3 - 24% - 25% - 12:56
4 - 17% - 15% - 8:49
Normal Defense
1 - 34% - 35% - 18:10
2 - 35% - 35% - 18:19
3 - 31% - 30% - 16:24
4 - 0% - 0% - 0:00
PP Forward
1 - 50% - 50% - 3:17
2 - 50% - 50% - 3:18
PP Defense
1 - 48% - 50% - 3:09
2 - 52% - 50% - 3:26
PK Forward
1 - 100% - 50% - 0:16
2 - 0% - 50% - 0:00
PK Defense
1 - 100% - 50% - 0:16
2 - 0% - 50% - 0:00
PK3 Forward
1 - 0% - 50%
2 - 0% - 50%
PK3 Defense
1 - 0% - 50%
2 - 0% - 50%
44 Forward
1 - 0% - 50%
2 - 0% - 50%
44 Defense
1 - 0% - 50%
2 - 0% - 50%
Last Minute Offensive - 0:16
Last Minute Defensive - 0:00
Total
Forward - 60:00
Defense - 60:00
|
% Time on Ice - Los Angeles Kings
Lines # - Real PCT - Wanted PCT - Time Play
Normal Forward
1 - 31% - 30% - 16:27
2 - 29% - 30% - 15:34
3 - 27% - 25% - 14:28
4 - 12% - 15% - 6:23
Normal Defense
1 - 35% - 35% - 18:30
2 - 35% - 35% - 18:15
3 - 30% - 30% - 15:51
4 - 1% - 0% - 0:16
PP Forward
1 - 100% - 50% - 0:16
2 - 0% - 50% - 0:00
PP Defense
1 - 100% - 50% - 0:16
2 - 0% - 50% - 0:00
PK Forward
1 - 48% - 50% - 3:09
2 - 52% - 50% - 3:22
PK Defense
1 - 51% - 50% - 3:20
2 - 49% - 50% - 3:11
PK3 Forward
1 - 100% - 50% - 0:04
2 - 0% - 50% - 0:00
PK3 Defense
1 - 100% - 50% - 0:04
2 - 0% - 50% - 0:00
44 Forward
1 - 0% - 50%
2 - 0% - 50%
44 Defense
1 - 0% - 50%
2 - 0% - 50%
Last Minute Offensive - 0:00
Last Minute Defensive - 0:17
Total
Forward - 60:00
Defense - 60:00
|
Play-by-Play
1st period
0:01 of 1st period - Logan Cooley wins face-off versus Ryan O'Reilly in neutral zone.
0:26 of 1st period - Nikita Zadorov is hit by K'Andre Miller and loses puck.
0:53 of 1st period - K'Andre Miller is hit by Jesper Bratt and loses puck.
1:15 of 1st period - Wrist shot by Kevin Hayes.
1:15 of 1st period - Shot Blocked by K'Andre Miller.
1:27 of 1st period - Snap shot by Seth Jarvis.
1:27 of 1st period - Shot Blocked by Vince Dunn.
1:45 of 1st period - Wrist shot by Nikita Kucherov.
1:45 of 1st period - Deflect By Kyle Connor.
1:45 of 1st period - Shot Blocked by Andrei Kuzmenko.
1:45 of 1st period - Puck is out of play.
1:46 of 1st period - Michael Eyssimont wins face-off versus Tim Stutzle in Los Angeles Kings zone.
1:55 of 1st period - Alexander Romanov is hit by Tim Stutzle and loses puck.
2:00 of 1st period - Snap shot by Kyle Connor.
2:00 of 1st period - Stopped by Andrei Vasilevskiy with a rebound.
2:02 of 1st period - Slapshot by Martin Fehervary.
2:02 of 1st period - Shot Misses the Net.
3:19 of 1st period - Trent Frederic is hit by Vince Dunn.
4:00 of 1st period - Snap shot by Ryan O'Reilly.
4:00 of 1st period - Stopped by Andrei Vasilevskiy with a rebound.
4:06 of 1st period - Vince Dunn is hit by K'Andre Miller and loses puck.
4:14 of 1st period - Icing by Andrew Peeke.
4:15 of 1st period - Trent Frederic wins face-off versus Ryan O'Reilly in Colorado Rockies zone.
4:16 of 1st period - Snap shot by Blake Wheeler.
4:16 of 1st period - Shot Misses the Net.
4:36 of 1st period - Minor Penalty to Nikita Kucherov for Hooking.
4:37 of 1st period - Tim Stutzle wins face-off versus Peyton Krebs in Colorado Rockies zone.
4:52 of 1st period - Wrist shot by Seth Jarvis.
4:52 of 1st period - Goal by Seth Jarvis - Colorado Rockies : 0 - Los Angeles Kings : 1.
4:53 of 1st period - Tim Stutzle wins face-off versus Andrei Svechnikov in neutral zone.
5:26 of 1st period - Off-side.
5:27 of 1st period - Kevin Hayes wins face-off versus Andrei Kuzmenko in neutral zone.
5:30 of 1st period - Michael Eyssimont is hit by Nikita Zadorov and loses puck.
5:58 of 1st period - Snap shot by Adam Fantilli.
5:58 of 1st period - Shot Misses the Net.
6:00 of 1st period - Backhand shot by Owen Power.
6:00 of 1st period - Deflect By Adam Fantilli.
6:00 of 1st period - Stopped by Daniil Tarasov without a rebound.
6:01 of 1st period - Tim Stutzle wins face-off versus Blake Wheeler in Colorado Rockies zone.
7:15 of 1st period - Wrist shot by Andrei Svechnikov.
7:15 of 1st period - Shot Blocked by Jesper Bratt.
7:17 of 1st period - Slapshot by Jakub Zboril.
7:17 of 1st period - Shot Misses the Net.
7:19 of 1st period - Snap shot by Andrei Svechnikov.
7:19 of 1st period - Stopped by Daniil Tarasov with a rebound.
7:21 of 1st period - Slapshot by Erik Brannstrom.
7:21 of 1st period - Shot Blocked by Victor Hedman.
7:37 of 1st period - Slapshot by David Pastrnak.
7:37 of 1st period - Stopped by Andrei Vasilevskiy with a rebound.
7:39 of 1st period - Backhand shot by Nikita Zadorov.
7:39 of 1st period - Shot Misses the Net.
7:41 of 1st period - Slapshot by Victor Hedman.
7:41 of 1st period - Deflect By Kyle Connor.
7:41 of 1st period - Shot Misses the Net.
7:41 of 1st period - Puck is out of play.
7:42 of 1st period - Michael Eyssimont wins face-off versus Ryan O'Reilly in Los Angeles Kings zone.
7:49 of 1st period - Wrist shot by Nikita Kucherov.
7:49 of 1st period - Stopped by Andrei Vasilevskiy with a rebound.
8:18 of 1st period - Wrist shot by Seth Jarvis.
8:18 of 1st period - Stopped by Daniil Tarasov with a rebound.
8:20 of 1st period - Slapshot by Logan Cooley.
8:20 of 1st period - Shot Misses the Net.
9:03 of 1st period - Jesper Bratt is hit by Adam Fantilli and loses puck.
9:30 of 1st period - Snap shot by Adam Fantilli.
9:30 of 1st period - Deflect By Andrei Svechnikov.
9:30 of 1st period - Shot Misses the Net.
9:30 of 1st period - Puck is out of play.
9:31 of 1st period - Logan Cooley wins face-off versus David Pastrnak in Colorado Rockies zone.
10:45 of 1st period - Andrew Peeke is hit by Trent Frederic and loses puck.
11:14 of 1st period - Andrei Kuzmenko is hit by Martin Fehervary and loses puck.
11:19 of 1st period - Snap shot by Evgeny Kuznetsov.
11:19 of 1st period - Stopped by Andrei Vasilevskiy without a rebound.
11:20 of 1st period - Adam Fantilli wins face-off versus Tim Stutzle in Los Angeles Kings zone.
11:29 of 1st period - Snap shot by Kyle Connor.
11:29 of 1st period - Stopped by Andrei Vasilevskiy with a rebound.
11:31 of 1st period - Backhand shot by Nikita Zadorov.
11:31 of 1st period - Stopped by Andrei Vasilevskiy with a rebound.
11:33 of 1st period - Backhand shot by David Pastrnak.
11:33 of 1st period - Shot Misses the Net.
11:35 of 1st period - Wrist shot by Tim Stutzle.
11:35 of 1st period - Deflect By Adam Fantilli.
11:35 of 1st period - Shot Blocked by Jakub Zboril.
11:35 of 1st period - Puck is out of play.
11:36 of 1st period - Ryan O'Reilly wins face-off versus Logan Cooley in Los Angeles Kings zone.
12:01 of 1st period - Andrei Kuzmenko is hit by Tim Stutzle and loses puck.
12:38 of 1st period - Nikita Zadorov is hit by Trent Frederic.
13:12 of 1st period - Backhand shot by Andrei Svechnikov.
13:12 of 1st period - Shot Blocked by Ryan O'Reilly.
13:15 of 1st period - Icing by Victor Hedman.
13:16 of 1st period - Ryan O'Reilly wins face-off versus Michael Eyssimont in Colorado Rockies zone.
14:13 of 1st period - Snap shot by Adam Fantilli.
14:13 of 1st period - Deflect By David Pastrnak.
14:13 of 1st period - Stopped by Daniil Tarasov without a rebound.
14:14 of 1st period - Andrei Kuzmenko wins face-off versus Kyle Connor in Colorado Rockies zone.
14:21 of 1st period - Snap shot by Michael Eyssimont.
14:21 of 1st period - Shot Blocked by Martin Fehervary.
15:50 of 1st period - Snap shot by Michael Eyssimont.
15:50 of 1st period - Goal by Michael Eyssimont - Colorado Rockies : 0 - Los Angeles Kings : 2.
15:51 of 1st period - Tim Stutzle wins face-off versus Adam Fantilli in neutral zone.
15:58 of 1st period - Wrist shot by Tim Stutzle.
15:58 of 1st period - Stopped by Andrei Vasilevskiy with a rebound.
16:28 of 1st period - Wrist shot by Seth Jarvis.
16:28 of 1st period - Shot Misses the Net.
16:30 of 1st period - Snap shot by Seth Jarvis.
16:30 of 1st period - Stopped by Daniil Tarasov with a rebound.
17:21 of 1st period - Logan Cooley is hit by Tim Stutzle.
17:45 of 1st period - Snap shot by Nick Schmaltz.
17:45 of 1st period - Shot Misses the Net.
17:47 of 1st period - Snap shot by Jesper Bratt.
17:47 of 1st period - Stopped by Andrei Vasilevskiy with a rebound.
17:49 of 1st period - Wrist shot by Jesper Bratt.
17:49 of 1st period - Deflect By Michael Bunting.
17:49 of 1st period - Stopped by Andrei Vasilevskiy without a rebound.
17:50 of 1st period - Logan Cooley wins face-off versus Nick Schmaltz in Los Angeles Kings zone.
18:15 of 1st period - Michael Milne is hit by Kyle Palmieri and loses puck.
18:38 of 1st period - Wrist shot by Andrei Kuzmenko.
18:38 of 1st period - Shot Misses the Net.
19:36 of 1st period - Slapshot by Michael Eyssimont.
19:36 of 1st period - Stopped by Daniil Tarasov without a rebound.
19:37 of 1st period - Michael Eyssimont wins face-off versus Kyle Palmieri in Colorado Rockies zone.
19:40 of 1st period - Snap shot by Michael Eyssimont.
19:40 of 1st period - Shot Hit the Post.
19:47 of 1st period - Off-side.
19:48 of 1st period - Tim Stutzle wins face-off versus Seth Jarvis in neutral zone.
Goals for this period are 0 for Colorado Rockies vs 2 for Los Angeles Kings.
Shots for this period are 10 for Colorado Rockies vs 8 for Los Angeles Kings.
2nd period
0:01 of 2nd period - Tim Stutzle wins face-off versus Adam Fantilli in neutral zone.
0:03 of 2nd period - Off-side.
0:04 of 2nd period - Tim Stutzle wins face-off versus Adam Fantilli in neutral zone.
0:09 of 2nd period - Snap shot by David Pastrnak.
0:09 of 2nd period - Shot Blocked by Michael Milne.
0:11 of 2nd period - Slapshot by Vince Dunn.
0:11 of 2nd period - Stopped by Andrei Vasilevskiy with a rebound.
0:19 of 2nd period - Snap shot by Andrei Svechnikov.
0:19 of 2nd period - Shot Blocked by David Pastrnak.
0:37 of 2nd period - Wrist shot by Seth Jarvis.
0:37 of 2nd period - Shot Misses the Net.
0:39 of 2nd period - Wrist shot by K'Andre Miller.
0:39 of 2nd period - Stopped by Daniil Tarasov without a rebound.
0:40 of 2nd period - Kevin Hayes wins face-off versus Michael Eyssimont in Colorado Rockies zone.
0:45 of 2nd period - Snap shot by Kevin Hayes.
0:45 of 2nd period - Shot Misses the Net.
0:51 of 2nd period - Slapshot by Michael Eyssimont.
0:51 of 2nd period - Shot Misses the Net.
0:55 of 2nd period - Wrist shot by Andrei Kuzmenko.
0:55 of 2nd period - Stopped by Daniil Tarasov with a rebound.
1:07 of 2nd period - Snap shot by Adam Fantilli.
1:07 of 2nd period - Stopped by Daniil Tarasov without a rebound.
1:08 of 2nd period - Ryan O'Reilly wins face-off versus Adam Fantilli in Colorado Rockies zone.
1:08 of 2nd period - Ryan O'Reilly is hit by Andrei Svechnikov.
1:14 of 2nd period - Snap shot by Kyle Palmieri.
1:14 of 2nd period - Stopped by Andrei Vasilevskiy with a rebound.
1:32 of 2nd period - Slapshot by Owen Power.
1:32 of 2nd period - Stopped by Daniil Tarasov without a rebound.
1:33 of 2nd period - Tim Stutzle wins face-off versus Logan Cooley in Colorado Rockies zone.
2:06 of 2nd period - Jesper Bratt is hit by Andrei Kuzmenko and loses puck.
2:29 of 2nd period - Snap shot by Nikita Kucherov.
2:29 of 2nd period - Shot Misses the Net.
2:31 of 2nd period - Snap shot by Quinn Hughes.
2:31 of 2nd period - Deflect By Andrei Svechnikov.
2:31 of 2nd period - Stopped by Andrei Vasilevskiy with a rebound.
2:33 of 2nd period - Slapshot by Nikita Kucherov.
2:33 of 2nd period - Shot Misses the Net.
2:35 of 2nd period - Snap shot by Nikita Kucherov.
2:35 of 2nd period - Shot Misses the Net.
2:53 of 2nd period - Wrist shot by Logan Cooley.
2:53 of 2nd period - Shot Blocked by Nikita Zadorov.
3:04 of 2nd period - Minor Penalty to Vitali Kravtsov for Roughing.
3:05 of 2nd period - Seth Jarvis wins face-off versus Ryan O'Reilly in Los Angeles Kings zone.
3:14 of 2nd period - K'Andre Miller is hit by Victor Hedman and loses puck.
3:44 of 2nd period - Icing by Kyle Connor.
3:45 of 2nd period - Seth Jarvis wins face-off versus Nick Bonino in Colorado Rockies zone.
3:54 of 2nd period - Snap shot by Seth Jarvis.
3:54 of 2nd period - Shot Blocked by Victor Hedman.
3:56 of 2nd period - Wrist shot by Seth Jarvis.
3:56 of 2nd period - Goal by Seth Jarvis - Colorado Rockies : 0 - Los Angeles Kings : 3.
3:57 of 2nd period - Ryan O'Reilly wins face-off versus Andrei Kuzmenko in neutral zone.
4:14 of 2nd period - Slapshot by Jesper Bratt.
4:14 of 2nd period - Stopped by Andrei Vasilevskiy with a rebound.
4:57 of 2nd period - Minor Penalty to Noah Dobson for Delaying the game.
4:58 of 2nd period - Ryan O'Reilly wins face-off versus Seth Jarvis in Los Angeles Kings zone.
5:01 of 2nd period - Snap shot by Jesper Bratt.
5:01 of 2nd period - Deflect By Nikita Kucherov.
5:01 of 2nd period - Goal by Nikita Kucherov - Colorado Rockies : 1 - Los Angeles Kings : 3.
5:02 of 2nd period - Ryan O'Reilly wins face-off versus Andrei Kuzmenko in neutral zone.
6:11 of 2nd period - Alexander Romanov is hit by Nikita Zadorov and loses puck.
6:35 of 2nd period - Icing by Ryan O'Reilly.
6:36 of 2nd period - Ryan O'Reilly wins face-off versus Seth Jarvis in Colorado Rockies zone.
6:57 of 2nd period - Penalty to Noah Dobson is over, Noah Dobson is back on ice.
7:05 of 2nd period - Victor Hedman is hit by Seth Jarvis and loses puck.
7:45 of 2nd period - Slapshot by Vince Dunn.
7:45 of 2nd period - Shot Misses the Net.
7:47 of 2nd period - Minor Penalty to Vitali Kravtsov for Roughing.
7:48 of 2nd period - Ryan O'Reilly wins face-off versus Andrei Kuzmenko in Los Angeles Kings zone.
9:47 of 2nd period - Penalty to Vitali Kravtsov is over, Vitali Kravtsov is back on ice.
9:56 of 2nd period - Erik Brannstrom is hit by Nikita Zadorov and loses puck.
10:25 of 2nd period - Andrew Peeke is hit by Logan Cooley and loses puck.
10:46 of 2nd period - Andrew Peeke is hit by Michael Eyssimont and loses puck.
11:09 of 2nd period - Quinn Hughes is hit by Andrei Svechnikov and loses puck.
11:42 of 2nd period - Andrei Svechnikov is hit by Nikita Zadorov and loses puck.
12:59 of 2nd period - Jakub Zboril is hit by Andrew Peeke and loses puck.
13:10 of 2nd period - Trent Frederic is hit by Nikita Kucherov and loses puck.
13:21 of 2nd period - Andrei Kuzmenko is hit by Quinn Hughes.
13:37 of 2nd period - Snap shot by Andrei Svechnikov.
13:37 of 2nd period - Shot Misses the Net.
14:19 of 2nd period - Andrew Peeke is hit by K'Andre Miller.
14:40 of 2nd period - Icing by Andrew Peeke.
14:41 of 2nd period - Tim Stutzle wins face-off versus Adam Fantilli in Colorado Rockies zone.
14:41 of 2nd period - Tim Stutzle is hit by Adam Fantilli.
14:49 of 2nd period - Snap shot by David Pastrnak.
14:49 of 2nd period - Shot Blocked by Andrei Svechnikov.
15:19 of 2nd period - Snap shot by Kyle Palmieri.
15:19 of 2nd period - Shot Misses the Net.
15:39 of 2nd period - Slapshot by Kyle Connor.
15:39 of 2nd period - Stopped by Andrei Vasilevskiy with a rebound.
16:23 of 2nd period - Noah Dobson is hit by Victor Hedman and loses puck.
16:32 of 2nd period - Wrist shot by Ryan O'Reilly.
16:32 of 2nd period - Shot Blocked by Michael Eyssimont.
16:34 of 2nd period - Slapshot by Nikita Zadorov.
16:34 of 2nd period - Deflect By Nikita Kucherov.
16:34 of 2nd period - Shot Blocked by Noah Dobson.
16:34 of 2nd period - Puck is out of play.
16:35 of 2nd period - Logan Cooley wins face-off versus David Pastrnak in Los Angeles Kings zone.
17:53 of 2nd period - Wrist shot by Evgeny Kuznetsov.
17:53 of 2nd period - Stopped by Andrei Vasilevskiy with a rebound.
17:55 of 2nd period - Snap shot by Kevin Hayes.
17:55 of 2nd period - Stopped by Andrei Vasilevskiy without a rebound.
17:56 of 2nd period - Adam Fantilli wins face-off versus Tim Stutzle in Los Angeles Kings zone.
18:13 of 2nd period - Tim Stutzle is hit by K'Andre Miller and loses puck.
18:40 of 2nd period - Quinn Hughes is hit by Peyton Krebs and loses puck.
19:27 of 2nd period - Off-side.
19:28 of 2nd period - Adam Fantilli wins face-off versus Tim Stutzle in neutral zone.
19:39 of 2nd period - Slapshot by Kyle Connor.
19:39 of 2nd period - Shot Blocked by Andrei Svechnikov.
19:41 of 2nd period - Slapshot by Victor Hedman.
19:41 of 2nd period - Shot Misses the Net.
19:43 of 2nd period - Slapshot by Nikita Zadorov.
19:43 of 2nd period - Stopped by Andrei Vasilevskiy with a rebound.
19:45 of 2nd period - Snap shot by Nikita Zadorov.
19:45 of 2nd period - Shot Blocked by Adam Fantilli.
Goals for this period are 1 for Colorado Rockies vs 1 for Los Angeles Kings.
Shots for this period are 9 for Colorado Rockies vs 5 for Los Angeles Kings.
3rd period
0:01 of 3rd period - Tim Stutzle wins face-off versus Andrei Svechnikov in neutral zone.
1:12 of 3rd period - Icing by Noah Dobson.
1:13 of 3rd period - Tim Stutzle wins face-off versus Michael Eyssimont in Los Angeles Kings zone.
1:36 of 3rd period - Wrist shot by Andrei Kuzmenko.
1:36 of 3rd period - Stopped by Daniil Tarasov with a rebound.
1:38 of 3rd period - Snap shot by Michael Eyssimont.
1:38 of 3rd period - Shot Misses the Net.
1:46 of 3rd period - Slapshot by Andrei Kuzmenko.
1:46 of 3rd period - Shot Misses the Net.
1:48 of 3rd period - Wrist shot by Michael Eyssimont.
1:48 of 3rd period - Shot Misses the Net.
1:50 of 3rd period - Slapshot by Vitali Kravtsov.
1:50 of 3rd period - Stopped by Daniil Tarasov without a rebound.
1:51 of 3rd period - Ryan O'Reilly wins face-off versus Adam Fantilli in Colorado Rockies zone.
1:56 of 3rd period - Michael Milne is hit by Vince Dunn and loses puck.
2:07 of 3rd period - Wrist shot by Andrei Svechnikov.
2:07 of 3rd period - Shot Blocked by Andrew Peeke.
2:23 of 3rd period - Slapshot by Seth Jarvis.
2:23 of 3rd period - Stopped by Daniil Tarasov with a rebound.
2:25 of 3rd period - Slapshot by Erik Brannstrom.
2:25 of 3rd period - Stopped by Daniil Tarasov without a rebound.
2:26 of 3rd period - Blake Wheeler wins face-off versus Tim Stutzle in Colorado Rockies zone.
2:29 of 3rd period - Snap shot by Trent Frederic.
2:29 of 3rd period - Stopped by Daniil Tarasov with a rebound.
2:31 of 3rd period - Snap shot by Noah Dobson.
2:31 of 3rd period - Stopped by Daniil Tarasov with a rebound.
2:33 of 3rd period - Slapshot by Michael Milne.
2:33 of 3rd period - Stopped by Daniil Tarasov with a rebound.
2:35 of 3rd period - Slapshot by K'Andre Miller.
2:35 of 3rd period - Shot Misses the Net.
3:18 of 3rd period - Owen Power is hit by Quinn Hughes.
3:22 of 3rd period - Slapshot by Vince Dunn.
3:22 of 3rd period - Shot Misses the Net.
3:26 of 3rd period - Snap shot by Evgeny Kuznetsov.
3:26 of 3rd period - Stopped by Andrei Vasilevskiy with a rebound.
3:48 of 3rd period - Snap shot by Andrei Svechnikov.
3:48 of 3rd period - Stopped by Daniil Tarasov without a rebound.
3:49 of 3rd period - Adam Fantilli wins face-off versus Tim Stutzle in Colorado Rockies zone.
3:59 of 3rd period - Slapshot by Erik Brannstrom.
3:59 of 3rd period - Stopped by Daniil Tarasov with a rebound.
4:01 of 3rd period - Slapshot by Erik Brannstrom.
4:01 of 3rd period - Stopped by Daniil Tarasov with a rebound.
4:33 of 3rd period - Slapshot by Andrei Kuzmenko.
4:33 of 3rd period - Shot Misses the Net.
4:35 of 3rd period - Wrist shot by Andrei Kuzmenko.
4:35 of 3rd period - Stopped by Daniil Tarasov with a rebound.
4:37 of 3rd period - Snap shot by Michael Eyssimont.
4:37 of 3rd period - Stopped by Daniil Tarasov with a rebound.
4:39 of 3rd period - Slapshot by Jakub Zboril.
4:39 of 3rd period - Stopped by Daniil Tarasov without a rebound.
4:40 of 3rd period - Tim Stutzle wins face-off versus Adam Fantilli in Colorado Rockies zone.
5:07 of 3rd period - Victor Hedman is hit by Michael Eyssimont and loses puck.
5:28 of 3rd period - Snap shot by Quinn Hughes.
5:28 of 3rd period - Goal by Quinn Hughes - Colorado Rockies : 2 - Los Angeles Kings : 3.
5:29 of 3rd period - Tim Stutzle wins face-off versus Adam Fantilli in neutral zone.
6:39 of 3rd period - Slapshot by Trent Frederic.
6:39 of 3rd period - Shot Misses the Net.
6:41 of 3rd period - Snap shot by Blake Wheeler.
6:41 of 3rd period - Shot Blocked by Kevin Hayes.
6:43 of 3rd period - Slapshot by Owen Power.
6:43 of 3rd period - Shot Blocked by Evgeny Kuznetsov.
6:45 of 3rd period - Slapshot by Michael Milne.
6:45 of 3rd period - Shot Misses the Net.
7:57 of 3rd period - Snap shot by David Pastrnak.
7:57 of 3rd period - Shot Misses the Net.
7:59 of 3rd period - Slapshot by Victor Hedman.
7:59 of 3rd period - Deflect By Tim Stutzle.
7:59 of 3rd period - Shot Blocked by Alexander Romanov.
7:59 of 3rd period - Puck is out of play.
8:00 of 3rd period - Adam Fantilli wins face-off versus Tim Stutzle in Los Angeles Kings zone.
8:07 of 3rd period - Wrist shot by Owen Power.
8:07 of 3rd period - Shot Blocked by Quinn Hughes.
8:32 of 3rd period - Off-side.
8:33 of 3rd period - Logan Cooley wins face-off versus Nick Schmaltz in neutral zone.
8:37 of 3rd period - Off-side.
8:38 of 3rd period - Tim Stutzle wins face-off versus Logan Cooley in neutral zone.
8:42 of 3rd period - Off-side.
8:43 of 3rd period - Tim Stutzle wins face-off versus Logan Cooley in neutral zone.
9:30 of 3rd period - Slapshot by Evgeny Kuznetsov.
9:30 of 3rd period - Stopped by Andrei Vasilevskiy without a rebound.
9:31 of 3rd period - Michael Eyssimont wins face-off versus Evgeny Kuznetsov in Los Angeles Kings zone.
10:40 of 3rd period - Slapshot by Nikita Kucherov.
10:40 of 3rd period - Shot Blocked by Erik Brannstrom.
10:42 of 3rd period - Snap shot by Quinn Hughes.
10:42 of 3rd period - Stopped by Andrei Vasilevskiy with a rebound.
10:44 of 3rd period - Slapshot by Martin Fehervary.
10:44 of 3rd period - Stopped by Andrei Vasilevskiy with a rebound.
10:46 of 3rd period - Snap shot by Ryan O'Reilly.
10:46 of 3rd period - Shot Misses the Net.
10:48 of 3rd period - Slapshot by Quinn Hughes.
10:48 of 3rd period - Stopped by Andrei Vasilevskiy with a rebound.
11:43 of 3rd period - Off-side.
11:44 of 3rd period - Michael Eyssimont wins face-off versus Kyle Palmieri in neutral zone.
12:33 of 3rd period - Wrist shot by Andrei Svechnikov.
12:33 of 3rd period - Shot Blocked by Michael Bunting.
14:03 of 3rd period - Seth Jarvis is hit by Martin Fehervary and loses puck.
14:35 of 3rd period - Nikita Zadorov is hit by Andrei Kuzmenko and loses puck.
14:56 of 3rd period - Andrew Peeke is hit by Ryan Reaves and loses puck.
15:17 of 3rd period - Andrew Peeke is hit by Jakub Zboril and loses puck.
15:54 of 3rd period - Snap shot by Nikita Kucherov.
15:54 of 3rd period - Shot Misses the Net.
15:56 of 3rd period - Snap shot by Nikita Kucherov.
15:56 of 3rd period - Shot Misses the Net.
16:28 of 3rd period - Off-side.
16:29 of 3rd period - Adam Fantilli wins face-off versus Kevin Hayes in neutral zone.
17:32 of 3rd period - Snap shot by Kyle Connor.
17:32 of 3rd period - Shot Misses the Net.
18:37 of 3rd period - Colorado Rockies, Daniil Tarasov is pulled from the net.
18:59 of 3rd period - Wrist shot by Seth Jarvis.
18:59 of 3rd period - Shot Misses the Net.
19:01 of 3rd period - Snap shot by Logan Cooley.
19:01 of 3rd period - Shot Misses the Net.
19:03 of 3rd period - Wrist shot by Erik Brannstrom.
19:03 of 3rd period - Goal by Erik Brannstrom - Colorado Rockies : 2 - Los Angeles Kings : 4.
19:03 of 3rd period - Daniil Tarasov from Colorado Rockies was sent back in the game.
19:04 of 3rd period - Nick Schmaltz wins face-off versus Michael Eyssimont in neutral zone.
19:13 of 3rd period - Snap shot by Jesper Bratt.
19:13 of 3rd period - Shot Misses the Net.
19:15 of 3rd period - Minor Penalty to Vitali Kravtsov for Slashing.
19:16 of 3rd period - Seth Jarvis wins face-off versus David Pastrnak in Los Angeles Kings zone.
Goals for this period are 1 for Colorado Rockies vs 1 for Los Angeles Kings.
Shots for this period are 6 for Colorado Rockies vs 14 for Los Angeles Kings.
Back to the Top